[Event "Titled Tuesday Blitz August 1 Late 2023"]
[White "Pinheiro, Iung Alicio de O."]
[Black "Prydun, Andriy"]
[WhiteFideId "2104350"]
[BlackFideId "14145898"]
[WhiteElo "2600"]
[BlackElo "2349"]
[Result "1-0"]
[Round "1"]
[TimeControl "180+1"]
[Date "2023.08.01"]
[WhiteClock "0:00:11"]
[BlackClock "0:00:00"]
[Board "114"]

1. e4 c6 2. Nc3 d5 3. Nf3 Bg4 4. h3 Bxf3 5. Qxf3 e6 6. a3 Nd7 7. d3 Ngf6 8. g4 Qc7 9. g5 Ng8 10. Bf4 Bd6 11. Bxd6 Qxd6 12. O-O-O Ne7 13. d4 Qc7 14. Kb1 a6 15. h4 b5 16. h5 Rf8 17. Bh3 Rb8 18. exd5 cxd5 19. Na2 a5 20. Rhe1 Nb6 21. Qd3 g6 22. Re2 Nc4 23. Rde1 Rb6 24. Nc1 b4 25. a4 Qf4 26. Rg1 gxh5 27. Nb3 Ng6 28. Nc5 Ke7 29. Rge1 Re8 30. Bxe6 fxe6 31. Nxe6 Qd6 32. Ng7+ Kf7 33. Nxe8 1-0


[Site "https://www.chess.com"]

[Event "Titled Tuesday Blitz August 1 Late 2023"]
[White "Spichkin, Alexander"]
[Black "Wu, Rochelle"]
[WhiteFideId "4144074"]
[BlackFideId "30908132"]
[WhiteElo "2345"]
[BlackElo "2600"]
[Result "0-1"]
[Round "1"]
[TimeControl "180+1"]
[Date "2023.08.01"]
[WhiteClock "0:01:01"]
[BlackClock "0:01:14"]
[Board "115"]

1. f4 d5 2. Nf3 Nc6 3. e3 Nf6 4. Bb5 Bd7 5. O-O e6 6. b3 Bd6 7. Bb2 O-O 8. Bxc6 Bxc6 9. Ne5 Bxe5 10. Bxe5 Nd7 11. Bb2 f6 12. d3 Qe7 13. Nd2 e5 14. f5 e4 15. d4 b5 16. c4 bxc4 17. bxc4 dxc4 18. a4 Bd5 19. Ba3 c5 20. Rc1 Rfd8 21. Nxc4 Bxc4 22. Rxc4 Qf7 23. d5 Ne5 24. Rxc5 Nd3 25. Rb5 a6 26. Rb1 Rxd5 27. Qb3 Rad8 28. Rfd1 Rxf5 29. Qxf7+ Kxf7 30. Rb7+ Kg8 31. Be7 Rc8 32. Ba3 Rc2 33. Rf1 Rxf1+ 34. Kxf1 Rf2+ 35. Kg1 Ra2 36. Bc1 Nxc1 37. h3 Rxa4 38. Rc7 Nd3 39. Re7 h5 40. Kh2 h4 41. g4 Ra2+ 42. Kg1 Nf2 43. g5 fxg5 44. Kg2 Ng4+ 45. Kg1 Nf6 46. Re5 g4 47. hxg4 h3 48. g5 h2+ 49. Kh1 Ng4 50. Rf5 Ra1+ 51. Kg2 h1=Q+ 52. Kg3 Rg1+ 53. Kf4 Qf3# 0-1


[Site "https://www.chess.com"]

[Event "Titled Tuesday Blitz August 1 Late 2023"]
[White "vishwa_vijeta"]
[Black "Kostiukov, Alexandr"]
[BlackFideId "14108100"]
[WhiteElo "2591"]
[BlackElo "2343"]
[Result "1-0"]
[Round "1"]
[TimeControl "180+1"]
[Date "2023.08.01"]
[WhiteClock "0:00:29"]
[BlackClock "0:00:00"]
[Board "116"]

1. e4 c5 2. Nf3 g6 3. d4 cxd4 4. Nxd4 Bg7 5. c4 Nc6 6. Be3 Nf6 7. Nc3 O-O 8. Be2 Nxd4 9. Bxd4 Qa5 10. O-O d6 11. f3 Be6 12. b3 Rfc8 13. Rb1 Nd7 14. Bxg7 Kxg7 15. Qd4+ f6 16. f4 Qc5 17. Qxc5 Nxc5 18. Rbe1 a5 19. f5 Bf7 20. Rc1 a4 21. b4 Nd7 22. fxg6 hxg6 23. Nd5 Bxd5 24. cxd5 Ne5 25. a3 Kf7 26. Bb5 e6 27. dxe6+ Kxe6 28. Rxc8 Rxc8 29. Bxa4 Rc3 30. Ra1 Nc4 31. Be8 g5 32. a4 Rc2 33. a5 1-0


[Site "https://www.chess.com"]

[Event "Titled Tuesday Blitz August 1 Late 2023"]
[White "Kujawski, Adam"]
[Black "Perez, Maximiliano"]
[WhiteFideId "1100920"]
[BlackFideId "117234"]
[WhiteElo "2341"]
[BlackElo "2589"]
[Result "1-0"]
[Round "1"]
[TimeControl "180+1"]
[Date "2023.08.01"]
[WhiteClock "0:00:07"]
[BlackClock "0:00:04"]
[Board "117"]

1. e4 c5 2. Nf3 Nc6 3. Nc3 e5 4. Bc4 Be7 5. d3 d6 6. Nd2 Nf6 7. Nf1 Nd7 8. Ne3 Nb6 9. O-O O-O 10. Ncd5 Nxd5 11. Bxd5 Be6 12. a4 Rb8 13. c3 Bg5 14. Qe2 Bxe3 15. fxe3 Ne7 16. c4 Bxd5 17. exd5 f5 18. e4 f4 19. g3 Ng6 20. gxf4 exf4 21. Bd2 Qh4 22. Bc3 f3 23. Qf2 Qh5 24. Kh1 Rf4 25. Rg1 Rbf8 26. Rg3 Ne5 27. Bxe5 Qxe5 28. Rf1 b6 29. b3 Rh4 30. Qg1 Rhf4 31. Rf2 Qd4 32. Qf1 Qe3 33. e5 Qxe5 34. Rgxf3 Rxf3 35. Rxf3 Rxf3 36. Qxf3 Qe1+ 37. Kg2 Qd2+ 38. Kh3 h6 39. Qf5 Qe3+ 40. Kg2 Qe2+ 41. Kg1 Qd1+ 42. Kg2 Qe2+ 43. Kg1 Qe3+ 44. Kg2 Qg5+ 45. Qxg5 hxg5 46. Kf3 Kf7 47. d4 cxd4 48. Ke4 a5 49. Kxd4 Kf6 50. Ke4 Kg6 51. Kf3 Kf5 52. Kg3 g6 53. h3 Ke5 54. Kf3 Kf6 55. Kg4 Kf7 56. Kxg5 Kg7 57. h4 Kf7 58. Kg4 Kf6 59. Kf4 Kf7 60. Kg5 Kg7 61. h5 gxh5 62. Kxh5 Kf6 63. Kh6 Ke5 64. Kg7 Kd4 65. Kf6 Kc3 66. Ke6 Kxb3 67. Kxd6 Kxa4 68. Kc6 Kb4 69. d6 a4 70. d7 a3 71. d8=Q a2 72. Qd2+ Kb3 73. Qc1 1-0


[Site "https://www.chess.com"]

[Event "Titled Tuesday Blitz August 1 Late 2023"]
[White "Gireman, Ja"]
[Black "Hacker, Jonas"]
[WhiteFideId "5043794"]
[BlackFideId "1270968"]
[WhiteElo "2586"]
[BlackElo "2336"]
[Result "1-0"]
[Round "1"]
[TimeControl "180+1"]
[Date "2023.08.01"]
[WhiteClock "0:02:19"]
[BlackClock "0:00:43"]
[Board "118"]

1. e4 e5 2. Nf3 Nc6 3. Bc4 Nf6 4. d4 exd4 5. O-O Nxe4 6. Re1 d5 7. Bxd5 Qxd5 8. Nc3 Qd7 9. Nxe4 Be7 10. Bg5 O-O 11. Bxe7 Qxe7 12. Nxd4 Bd7 13. c3 Nxd4 14. Qxd4 Bc6 15. Ng3 Qg5 16. Re5 Qf6 17. Rae1 Rad8 18. Qg4 Qg6 19. Rg5 f5 20. Nxf5 1-0


[Site "https://www.chess.com"]

[Event "Titled Tuesday Blitz August 1 Late 2023"]
[White "Ahn, Hongjin"]
[Black "Suder, Jakub"]
[WhiteFideId "13201492"]
[BlackFideId "1195310"]
[WhiteElo "2335"]
[BlackElo "2583"]
[Result "0-1"]
[Round "1"]
[TimeControl "180+1"]
[Date "2023.08.01"]
[WhiteClock "0:00:00"]
[BlackClock "0:00:32"]
[Board "119"]

1. c4 e6 2. Nf3 d5 3. g3 Nf6 4. Bg2 Be7 5. O-O O-O 6. b3 c5 7. Bb2 d4 8. e3 Nc6 9. exd4 cxd4 10. Re1 Bc5 11. Ne5 Nxe5 12. Rxe5 Nd7 13. Re1 e5 14. d3 Qc7 15. Nd2 Re8 16. Ne4 Bf8 17. Qg4 Kh8 18. Qh5 g6 19. Qh4 Kg8 20. Ng5 h6 21. Nf3 Re6 22. Bh3 Re7 23. Nxd4 g5 24. Nb5 Qc6 25. Qe4 Nc5 26. Qxc6 bxc6 27. Bxc8 Rxc8 28. Nd6 Rd8 29. Nf5 Red7 30. Bxe5 Nxd3 31. Re3 Bc5 32. Nxh6+ Kh7 33. Rxd3 Rxd3 34. Ng4 Kg6 35. h4 gxh4 36. gxh4 f5 37. Nh2 Rd1+ 38. Rxd1 Rxd1+ 39. Kg2 Rd2 40. Bg3 f4 41. Bxf4 Rxf2+ 42. Kg3 Rxa2 43. Ng4 Kf5 44. Nh6+ Ke6 45. Ng4 Ra3 46. Bg5 Rxb3+ 47. Kf4 Bd6+ 48. Ke4 a5 49. h5 Rh3 50. h6 a4 51. Ne3 a3 52. Nc2 a2 53. Bc1 Be5 54. c5 Rc3 55. Bf4 Bxf4 56. Nd4+ Kf7 0-1


[Site "https://www.chess.com"]

[Event "Titled Tuesday Blitz August 1 Late 2023"]
[White "Ganiev, Roman"]
[Black "Zilleruelo Irizarry, Diego"]
[WhiteFideId "4131452"]
[BlackFideId "3101460"]
[WhiteElo "2580"]
[BlackElo "2335"]
[Result "1-0"]
[Round "1"]
[TimeControl "180+1"]
[Date "2023.08.01"]
[WhiteClock "0:01:37"]
[BlackClock "0:00:12"]
[Board "120"]

1. e4 c6 2. d4 d5 3. Nc3 dxe4 4. Nxe4 Bf5 5. Ng3 Bg6 6. Nh3 Nf6 7. Nf4 Nd5 8. h4 Nxf4 9. Bxf4 h6 10. c3 Nd7 11. h5 Bh7 12. Bc4 e6 13. Qf3 Nf6 14. O-O Be7 15. Rfe1 O-O 16. Be5 Rc8 17. Rad1 b5 18. Bd3 Bxd3 19. Rxd3 Qd5 20. Bxf6 Bxf6 21. Ne4 Be7 22. a3 Rfd8 23. Red1 a5 24. Nd2 c5 25. Ne4 c4 26. R3d2 b4 27. axb4 axb4 28. Ra1 f5 29. Ng3 Qxf3 30. gxf3 Rb8 31. Re2 bxc3 32. bxc3 Bd6 33. Nf1 Rb3 34. Rc2 Rdb8 35. Ne3 Rb2 36. Rxb2 Rxb2 37. Nxc4 Rc2 38. Nxd6 Rxc3 39. Ra8+ 1-0


[Site "https://www.chess.com"]

[Event "Titled Tuesday Blitz August 1 Late 2023"]
[White "Garcia-Castany Musellas, Gal.la"]
[Black "Ibadov, Dashgyn"]
[WhiteFideId "2241803"]
[BlackFideId "24107514"]
[WhiteElo "2335"]
[BlackElo "2578"]
[Result "0-1"]
[Round "1"]
[TimeControl "180+1"]
[Date "2023.08.01"]
[WhiteClock "0:00:25"]
[BlackClock "0:02:09"]
[Board "121"]

1. e4 e6 2. d4 d5 3. Nd2 Nf6 4. e5 Nfd7 5. Bd3 c5 6. c3 Nc6 7. Ne2 cxd4 8. cxd4 Qb6 9. Nf3 f6 10. exf6 Nxf6 11. O-O Bd6 12. Bf4 Bxf4 13. Nxf4 Qxb2 14. Re1 O-O 15. Nxe6 Bxe6 16. Rxe6 Rae8 17. Rxe8 Rxe8 18. Rb1 Qxa2 19. Rxb7 Ne4 20. Bxe4 dxe4 21. Ng5 h6 22. h4 hxg5 23. Qh5 Rf8 24. Qg6 Qxf2+ 25. Kh2 Qxh4+ 26. Kg1 Qf2+ 27. Kh2 Qf6 0-1


[Site "https://www.chess.com"]

[Event "Titled Tuesday Blitz August 1 Late 2023"]
[White "Rostomyan, Mikayel"]
[Black "Hoffmann, Asa"]
[WhiteFideId "13313754"]
[BlackFideId "2001470"]
[WhiteElo "2575"]
[BlackElo "2333"]
[Result "1-0"]
[Round "1"]
[TimeControl "180+1"]
[Date "2023.08.01"]
[WhiteClock "0:00:30"]
[BlackClock "0:00:22"]
[Board "122"]

1. d4 Nf6 2. Nf3 d6 3. c4 c6 4. g3 Bf5 5. Nc3 h6 6. Bg2 Nbd7 7. O-O e5 8. dxe5 dxe5 9. Nd2 Qc7 10. Nde4 Be7 11. Qc2 Bg6 12. Nxf6+ Nxf6 13. Ne4 O-O 14. Nxf6+ Bxf6 15. Be4 Bxe4 16. Qxe4 Rfd8 17. Be3 Rd7 18. b4 Rad8 19. a4 b6 20. a5 c5 21. axb6 axb6 22. b5 Qb7 23. Qxb7 Rxb7 24. Ra6 Rdd7 25. Kg2 Bg5 26. f4 exf4 27. gxf4 Bf6 28. Kf3 Bd4 29. Rd1 f5 30. Bxd4 cxd4 31. e3 d3 32. Ra3 Rbc7 33. Raxd3 Re7 34. Rd4 Rc5 35. Ra1 Rec7 36. Ra6 Rxc4 37. Rxc4 Rxc4 38. Rxb6 Rb4 39. Rb7 Kh7 40. h4 h5 41. Rb8 Rb2 42. b6 Kg6 43. Rb7 Kh7 44. Rf7 Kg6 45. Rb7 Kh7 46. Kg3 Kg6 47. Rb8 Kh7 48. b7 Kg6 49. Kf3 Kf7 50. e4 Rb3+ 51. Ke2 fxe4 52. f5 Ke7 53. Rg8 1-0


[Site "https://www.chess.com"]

[Event "Titled Tuesday Blitz August 1 Late 2023"]
[White "2good4u734"]
[Black "Taboas Rodriguez, Daniel"]
[BlackFideId "2208466"]
[WhiteElo "2332"]
[BlackElo "2575"]
[Result "1/2-1/2"]
[Round "1"]
[TimeControl "180+1"]
[Date "2023.08.01"]
[WhiteClock "0:00:14"]
[BlackClock "0:00:34"]
[Board "123"]

1. Nf3 Nf6 2. g3 b6 3. Bg2 Bb7 4. O-O g6 5. c4 Bg7 6. d4 O-O 7. Nc3 Ne4 8. Qc2 Nxc3 9. Qxc3 c5 10. Rd1 Nc6 11. Be3 d5 12. cxd5 Qxd5 13. Qd3 Nxd4 14. Bxd4 cxd4 15. e4 Qxe4 16. Qxe4 Bxe4 17. Nxd4 Bxg2 18. Kxg2 Rfc8 19. Rab1 Rc4 20. Nf3 Rc2 21. Rd2 Rac8 22. Rd7 R2c7 23. Rd2 Bf6 24. Rbd1 Rc2 25. b3 Kg7 26. Kf1 g5 27. h3 h5 28. g4 h4 29. Ke2 R8c3 30. Rxc2 Rxc2+ 31. Rd2 Rxd2+ 32. Nxd2 Be5 33. Ne4 Kg6 34. Kf3 e6 35. Nd2 f5 36. Nc4 Bc7 37. Ne3 Kf6 38. gxf5 exf5 39. Nd5+ Ke5 40. Nxc7 a5 41. Nb5 Kd5 42. a4 Kc5 43. Nc7 Kb4 44. Nd5+ Kc5 45. Ne3 Kb4 46. Nc4 Kc5 47. Ke3 g4 48. hxg4 fxg4 49. Kf4 h3 50. Kg3 Kb4 51. Nxb6 Kxb3 52. Nd5 Kxa4 53. Nf6 Kb3 54. Nxg4 a4 55. Ne5 a3 56. Nd3 Kc3 57. Nc1 Kc2 58. Na2 Kb3 59. Nc1+ Kb2 60. Nd3+ Kc2 61. Nb4+ Kb3 62. Nd3 Kc2 63. Nb4+ Kc3 64. Na2+ Kb3 65. Nc1+ Kc2 66. Na2 Kb2 67. Nb4 Kb3 68. Nd3 1/2-1/2


[Site "https://www.chess.com"]

[Event "Titled Tuesday Blitz August 1 Late 2023"]
[White "Postlmayer, Jakob"]
[Black "Nikologorsky, Matfei"]
[WhiteFideId "1643622"]
[BlackFideId "24102474"]
[WhiteElo "2573"]
[BlackElo "2332"]
[Result "0-1"]
[Round "1"]
[TimeControl "180+1"]
[Date "2023.08.01"]
[WhiteClock "0:00:13"]
[BlackClock "0:00:23"]
[Board "124"]

1. d4 Nf6 2. c4 e6 3. Nc3 Bb4 4. e3 O-O 5. Bd2 b6 6. Nf3 Bb7 7. Be2 d6 8. O-O Nbd7 9. a3 Bxc3 10. Bxc3 Ne4 11. Qc2 Nxc3 12. Qxc3 Nf6 13. b4 Ne4 14. Qc2 Qe7 15. Rfc1 c5 16. Rab1 Rab8 17. Nd2 f5 18. Nxe4 Bxe4 19. Bd3 Ba8 20. Qd2 Qg5 21. f4 Qg6 22. Qf2 Qf6 23. Rb2 Rbc8 24. Rbc2 Kh8 25. h3 g5 26. Kh2 Rg8 27. bxc5 dxc5 28. fxg5 Rxg5 29. Bf1 Rcg8 30. Qf4 Qg7 31. Qe5 Qxe5+ 32. dxe5 Rd8 33. g3 Rg7 34. Bg2 Bxg2 35. Rxg2 Rgd7 36. a4 Rd3 37. a5 Rxe3 38. axb6 axb6 39. Rb1 Rxe5 40. Rxb6 Kg7 41. Rc2 Rd3 42. Rc6 Kf6 43. Rc7 h5 44. h4 Ree3 45. Rg2 Re5 46. Rc2 Ra3 47. Rh7 Kg6 48. Rc7 Ra5 49. Rc6 Re3 50. Rg2 Kf6 51. Rc2 Ke5 52. Rg2 Ra4 53. Rxc5+ Kd4 54. Rc6 Rxc4 55. Rd2+ Rd3 56. Rxd3+ Kxd3 57. Rxe6 f4 58. gxf4 Rxf4 59. Kg3 Rg4+ 60. Kh3 Rd4 61. Re5 Re4 62. Rxh5 Ke3 63. Rg5 Rf4 64. Kg3 Rf3+ 65. Kg4 Rf4+ 66. Kh5 Ke4 67. Rg8 Ke5 68. Rg1 Kf6 69. Rg6+ Kf7 70. Rg5 Kf6 71. Rg8 Kf7 72. Rg1 Rf5+ 73. Kh6 Rf6+ 74. Kh7 Rf5 75. Rh1 Rh5# 0-1


[Site "https://www.chess.com"]

[Event "Titled Tuesday Blitz August 1 Late 2023"]
[White "The_Straightforward_Rook"]
[Black "Wen, Tommy"]
[BlackFideId "30952255"]
[WhiteElo "2329"]
[BlackElo "2573"]
[Result "0-1"]
[Round "1"]
[TimeControl "180+1"]
[Date "2023.08.01"]
[WhiteClock "0:00:00"]
[BlackClock "0:00:33"]
[Board "125"]

1. d4 h5 2. Nf3 h4 3. e4 d6 4. Bd3 Bg4 5. O-O h3 6. g3 Nc6 7. Nbd2 Nxd4 8. c3 Nxf3+ 9. Nxf3 Nf6 10. Re1 e5 11. Bg5 Be7 12. Be2 Be6 13. Nd2 Nd7 14. Nf1 Bxg5 15. Qc2 Qe7 16. b4 a6 17. a4 g6 18. b5 f5 19. bxa6 bxa6 20. exf5 gxf5 21. Bd3 Qf6 22. Ne3 O-O 23. f4 exf4 24. gxf4 Bxf4 25. Kh1 Bxe3 26. Rxe3 Bd5+ 27. Kg1 Rf7 28. Rf1 Rg7+ 29. Rg3 Rxg3+ 30. hxg3 Qg5 31. Kh2 Ne5 32. Bxf5 Rf8 33. g4 Nxg4+ 34. Kxh3 Qh5+ 35. Kg3 Nf6 36. Rg1 Kh8 0-1


[Site "https://www.chess.com"]

[Event "Titled Tuesday Blitz August 1 Late 2023"]
[White "ElenGajger"]
[Black "Lacasa Diaz, Jose Antonio"]
[BlackFideId "2203375"]
[WhiteElo "2572"]
[BlackElo "2328"]
[Result "1-0"]
[Round "1"]
[TimeControl "180+1"]
[Date "2023.08.01"]
[WhiteClock "0:01:03"]
[BlackClock "0:00:10"]
[Board "126"]

1. e4 c5 2. Nc3 g6 3. f4 Bg7 4. Nf3 Nc6 5. Bb5 Nd4 6. Bc4 e6 7. O-O Ne7 8. Nxd4 cxd4 9. Ne2 O-O 10. Bb3 d5 11. e5 Qb6 12. d3 Bd7 13. Qe1 a5 14. a4 Rac8 15. Qf2 Nc6 16. Bd2 Rc7 17. g4 Rfc8 18. h4 Bf8 19. h5 Nb4 20. Bxb4 Qxb4 21. Ng3 b5 22. hxg6 hxg6 23. f5 Be8 24. fxg6 fxg6 25. axb5 Bxb5 26. Qf6 a4 27. Qxg6+ Bg7 28. Nh5 axb3 29. Nf6+ Kh8 30. Qh7# 1-0


[Site "https://www.chess.com"]

[Event "Titled Tuesday Blitz August 1 Late 2023"]
[White "SicilianPanzer"]
[Black "Tologon tegin, Semetei"]
[BlackFideId "13800574"]
[WhiteElo "2323"]
[BlackElo "2572"]
[Result "0-1"]
[Round "1"]
[TimeControl "180+1"]
[Date "2023.08.01"]
[WhiteClock "0:00:20"]
[BlackClock "0:02:03"]
[Board "127"]

1. e4 c5 2. Nf3 Nc6 3. Bb5 d6 4. O-O Bd7 5. Re1 a6 6. Bf1 Nf6 7. h3 e5 8. c3 Be7 9. d4 O-O 10. Nbd2 b5 11. a4 Qb6 12. dxe5 Nxe5 13. Nxe5 dxe5 14. Nf3 Qc7 15. axb5 axb5 16. Rxa8 Rxa8 17. Bg5 c4 18. Nxe5 Qxe5 19. Bxf6 Qxf6 20. Qxd7 Bc5 21. Qd2 Rd8 22. Qe2 Qf4 23. e5 Rd2 24. Qf3 Bxf2+ 0-1


[Site "https://www.chess.com"]

[Event "Titled Tuesday Blitz August 1 Late 2023"]
[White "Adan Bermudez, Sergio"]
[Black "Cooper, Aaron"]
[WhiteFideId "2292726"]
[BlackFideId "2634945"]
[WhiteElo "2567"]
[BlackElo "2319"]
[Result "1-0"]
[Round "1"]
[TimeControl "180+1"]
[Date "2023.08.01"]
[WhiteClock "0:00:25"]
[BlackClock "0:00:00"]
[Board "128"]

1. c4 Nf6 2. Nc3 g6 3. e4 d6 4. g3 Bg7 5. Bg2 Kf8 6. Nge2 Nc6 7. d4 e5 8. O-O h6 9. h3 Kg8 10. Be3 Kh7 11. f4 exd4 12. Nxd4 Nxd4 13. Bxd4 Re8 14. g4 c5 15. Bf2 Qb6 16. Qd2 Be6 17. b3 Qb4 18. Rac1 Bd7 19. Qxd6 Bxg4 20. Bxc5 Qa5 21. Bb4 Qb6+ 22. Qxb6 axb6 23. hxg4 Nxg4 24. e5 Ne3 25. Rfe1 Nxg2 26. Kxg2 g5 27. fxg5 hxg5 28. Bd6 Rad8 29. Ne4 Kg6 30. Rcd1 Bxe5 31. Bxe5 Rxd1 32. Rxd1 Rxe5 33. Rd6+ Kf5 34. Ng3+ Kf4 35. Rf6+ Kg4 36. Rxb6 f5 37. Nh1 Re2+ 38. Nf2+ Kf4 39. Rxb7 g4 40. Kf1 Rxa2 41. c5 Kf3 42. Nd3 g3 43. Ne1+ Kf4 44. c6 Rf2+ 45. Kg1 Re2 46. Ng2+ Kf3 47. Nh4+ Kg4 48. Rb4+ f4 49. Ng2 Rb2 50. Rxf4+ Kg5 51. Rf1 Rxb3 52. Rc1 Rb8 53. c7 Rc8 54. Ne3 Kf6 55. Nd5+ Ke6 56. Nb6 1-0


[Site "https://www.chess.com"]

[Event "Titled Tuesday Blitz August 1 Late 2023"]
[White "Gertler, David"]
[Black "Nozdrachev, Leonid"]
[WhiteFideId "2017377"]
[BlackFideId "24113433"]
[WhiteElo "2314"]
[BlackElo "2564"]
[Result "0-1"]
[Round "1"]
[TimeControl "180+1"]
[Date "2023.08.01"]
[WhiteClock "0:00:59"]
[BlackClock "0:01:26"]
[Board "129"]

1. e4 c6 2. c4 d5 3. cxd5 cxd5 4. exd5 Nf6 5. Bb5+ Nbd7 6. Nc3 g6 7. d4 Bg7 8. d6 exd6 9. Qe2+ Qe7 10. Bf4 Qxe2+ 11. Bxe2 O-O 12. Bxd6 Re8 13. Bf4 Nb6 14. Be5 Nfd5 15. Nf3 Bg4 16. Kf1 Rac8 17. Bxg7 Kxg7 18. Ne5 Bxe2+ 19. Nxe2 Rc2 20. Ng3 Nf4 21. b3 Nbd5 22. Nc4 Nd3 0-1


[Site "https://www.chess.com"]

[Event "Titled Tuesday Blitz August 1 Late 2023"]
[White "Domingo Nunez, Ruben"]
[Black "Crispin Ferreras, Darvi Abraham"]
[WhiteFideId "22245570"]
[BlackFideId "6402771"]
[WhiteElo "2563"]
[BlackElo "2312"]
[Result "1-0"]
[Round "1"]
[TimeControl "180+1"]
[Date "2023.08.01"]
[WhiteClock "0:00:06"]
[BlackClock "0:00:12"]
[Board "130"]

1. Nf3 Nf6 2. c4 e6 3. b3 d5 4. Bb2 Be7 5. e3 O-O 6. Be2 c5 7. O-O Nc6 8. cxd5 Nxd5 9. Na3 Bf6 10. Qc1 b6 11. d4 Be7 12. Rd1 Qe8 13. e4 Nf6 14. Nb5 Rb8 15. d5 exd5 16. exd5 Nb4 17. d6 Bd8 18. Bc4 a6 19. Nc7 Qc6 20. a3 Bg4 21. axb4 Bxf3 22. gxf3 Qxf3 23. Qe3 Qf5 24. Bxa6 Ng4 25. Qg3 h5 26. Bd3 Qd7 27. h3 Nf6 28. Nd5 Kh8 29. Nxf6 gxf6 30. Kh2 Rg8 31. Qf4 Rg7 32. Rg1 Qe6 33. Qh6+ Rh7 34. Qf8# 1-0


[Site "https://www.chess.com"]

[Event "Titled Tuesday Blitz August 1 Late 2023"]
[White "Fuzesabonyilaci"]
[Black "Musovic, Armin"]
[BlackFideId "939935"]
[WhiteElo "2311"]
[BlackElo "2561"]
[Result "0-1"]
[Round "1"]
[TimeControl "180+1"]
[Date "2023.08.01"]
[WhiteClock "0:00:07"]
[BlackClock "0:00:37"]
[Board "131"]

1. d4 d5 2. Nc3 c5 3. e4 dxe4 4. d5 a6 5. Nxe4 Nf6 6. Nxf6+ exf6 7. c4 Bd6 8. Nf3 O-O 9. Be2 Re8 10. O-O Nd7 11. Bd2 Nf8 12. Bc3 Bg4 13. h3 Bh5 14. a4 Qc7 15. Re1 Re4 16. Nd2 Bxe2 17. Rxe2 Rh4 18. Qb3 h6 19. a5 Bh2+ 20. Kh1 Bf4 21. Nf3 Rh5 22. Kg1 Bd6 23. Rae1 Qd7 24. Nd2 Ng6 25. Ne4 Nf4 26. Re3 Be7 27. Rf3 Rf5 28. Bd2 Bd6 29. Nxd6 Qxd6 30. g4 Nxh3+ 31. Rxh3 Re5 32. Qxb7 Rb8 33. Qc6 Rxe1+ 34. Bxe1 Qf4 35. Bc3 Qxg4+ 36. Rg3 Qd1+ 37. Kg2 Kh7 38. Qxa6 Re8 39. Qc6 Re4 40. d6 Rh4 41. f4 Qh1+ 42. Kf2 Qxc6 43. Rd3 Rh2+ 44. Ke3 Rh3+ 45. Kd2 Rxd3+ 46. Kxd3 Qxd6+ 47. Kc2 Qxf4 0-1


[Site "https://www.chess.com"]

[Event "Titled Tuesday Blitz August 1 Late 2023"]
[White "Karamsetty, Jeevan"]
[Black "Stanisz, Patryk"]
[WhiteFideId "2025337"]
[BlackFideId "1123106"]
[WhiteElo "2558"]
[BlackElo "2310"]
[Result "1-0"]
[Round "1"]
[TimeControl "180+1"]
[Date "2023.08.01"]
[WhiteClock "0:00:12"]
[BlackClock "0:00:03"]
[Board "132"]

1. e4 c5 2. Nc3 Nc6 3. Bb5 Nd4 4. Bc4 e6 5. Nge2 Nxe2 6. Qxe2 d6 7. O-O Nf6 8. f4 a6 9. a4 Rb8 10. e5 dxe5 11. fxe5 Nd5 12. Qf3 Qc7 13. Nxd5 exd5 14. Bxd5 Be6 15. Bxe6 fxe6 16. d3 Rd8 17. Bg5 Rd5 18. Rae1 c4 19. Qg4 Rxe5 20. Bf4 Qb6+ 21. Kh1 Rxe1 22. Rxe1 Be7 23. Rxe6 Qxb2 24. h3 Rf8 25. Qh5+ Rf7 26. Qc5 Qa1+ 27. Kh2 Kd7 28. Qd5+ Ke8 29. Qxc4 Rxf4 30. Qxf4 Qxa4 31. Qxa4+ Kf7 32. Qe4 Bf6 33. Rxf6+ gxf6 34. d4 a5 35. Qd3 a4 36. d5 a3 37. Qxa3 Kg6 38. Qd3+ f5 39. d6 h5 40. d7 Kg5 41. d8=Q+ Kh6 42. Qf6+ Kh7 43. Qd7+ 1-0


[Site "https://www.chess.com"]

[Event "Titled Tuesday Blitz August 1 Late 2023"]
[White "Pantev, Veselin"]
[Black "Lopez Gracia, Fernando"]
[WhiteFideId "2901390"]
[BlackFideId "2207184"]
[WhiteElo "2557"]
[BlackElo "2305"]
[Result "1-0"]
[Round "1"]
[TimeControl "180+1"]
[Date "2023.08.01"]
[WhiteClock "0:00:51"]
[BlackClock "0:00:00"]
[Board "134"]

1. d4 Nf6 2. Nf3 e6 3. Bf4 d5 4. e3 c5 5. c3 Bd6 6. Bg3 Qc7 7. Nbd2 Nc6 8. dxc5 Bxg3 9. hxg3 e5 10. b4 O-O 11. a3 a5 12. Qb1 e4 13. Nd4 Ne5 14. f4 Neg4 15. Nc2 b6 16. Nb3 a4 17. Nbd4 bxc5 18. bxc5 Qxc5 19. Qb4 Qc7 20. Bb5 Bd7 21. c4 dxc4 22. Qxc4 Qa5+ 23. Qb4 Qxb4+ 24. axb4 Bxb5 25. Nxb5 Rfc8 26. Nbd4 Nd5 27. Kd2 Rc3 28. Rhe1 Rd3+ 29. Kc1 a3 30. b5 Rc8 31. Kb1 Nc3+ 32. Kc1 Nd5 33. Kb1 Rb3+ 34. Ka2 Rb2+ 35. Kxa3 Rbxc2 36. Nxc2 Rxc2 37. Rac1 Ngxe3 38. Kb3 Rxc1 39. Rxc1 Kf8 40. Rc6 Ke7 41. b6 Kd7 42. b7 Kxc6 43. b8=Q Nxg2 44. Qe8+ Kc5 45. Qxf7 Kd4 46. Qxg7+ Kd3 47. Qxh7 Nge3 48. f5 Nf6 49. Qd7+ Ke2 50. Qe6 Neg4 51. Kc3 Kf3 52. Kd4 Kxg3 53. Qb3+ Kf4 54. Qe6 Kf3 55. Qc6 Kf4 56. Qc1+ Kxf5 57. Qf1+ Kg5 58. Qg1 Kf5 59. Qg3 Kg5 60. Qh3 Kf5 61. Qh4 Kf4 62. Qh1 Kg3 63. Qg1+ Kf4 64. Kc3 e3 65. Kd3 Kf3 66. Qh1+ Kf2 67. Qh4+ Kf3 68. Qh3+ Kf2 69. Qh4+ Kf3 70. Qh3+ Kf4 71. Ke2 Ne4 72. Qf3+ Ke5 73. Qxg4 Kd4 74. Kf3 e2 75. Qxe4+ 1-0


[Site "https://www.chess.com"]

[Event "Titled Tuesday Blitz August 1 Late 2023"]
[White "Harish, Neeraj"]
[Black "Golubev, Mikhail"]
[WhiteFideId "30958130"]
[BlackFideId "14100983"]
[WhiteElo "2305"]
[BlackElo "2556"]
[Result "0-1"]
[Round "1"]
[TimeControl "180+1"]
[Date "2023.08.01"]
[WhiteClock "0:02:33"]
[BlackClock "0:02:17"]
[Board "135"]

1. e4 c5 2. Nf3 d6 3. d4 cxd4 4. Nxd4 Nf6 5. Nc3 g6 6. Be3 Bg7 7. f3 Nc6 8. Qd2 O-O 9. Bc4 Nxd4 10. Bxd4 Be6 11. Bxe6 fxe6 12. O-O-O Qa5 13. Kb1 Rac8 14. Rhe1 e5 15. Be3 Rc6 16. Bd4 0-1


[Site "https://www.chess.com"]

[Event "Titled Tuesday Blitz August 1 Late 2023"]
[White "Richter, Paul"]
[Black "Ai, Evan"]
[WhiteFideId "2046350"]
[BlackFideId "2094770"]
[WhiteElo "2555"]
[BlackElo "2303"]
[Result "0-1"]
[Round "1"]
[TimeControl "180+1"]
[Date "2023.08.01"]
[WhiteClock "0:00:00"]
[BlackClock "0:00:13"]
[Board "136"]

1. e4 e5 2. Nf3 Nc6 3. Bb5 a6 4. Ba4 Nf6 5. d3 Bc5 6. c3 d6 7. O-O O-O 8. Nbd2 b5 9. Bc2 Bb7 10. Re1 Re8 11. Nf1 Ne7 12. Ng3 Ng6 13. Nf5 d5 14. Qe2 Bc8 15. Ng3 Nf4 16. Qf1 dxe4 17. dxe4 Ng4 18. Nh1 Qf6 19. h3 Nh6 20. Be3 Nxh3+ 21. gxh3 Qxf3 22. Qg2 Qxg2+ 23. Kxg2 Bxe3 24. Rxe3 Bb7 25. Ng3 Rad8 26. Re2 f5 27. f3 f4 28. Nh1 Kf8 29. Nf2 Ke7 30. Bb3 c5 31. a3 c4 32. Bc2 Nf7 33. a4 Nd6 34. axb5 axb5 35. Ree1 Ra8 36. Kf1 h5 37. h4 g6 38. Ke2 Rxa1 39. Rxa1 Ra8 40. Rg1 Kf6 41. Kd2 Ra2 42. Kc1 Bc8 43. Rd1 Ke7 44. Rg1 Kf6 45. Rd1 Ra6 46. Rd5 Bb7 47. Rc5 Bc6 48. b3 Nb7 49. Rxc6+ Rxc6 50. bxc4 bxc4 51. Kd2 Nc5 52. Nh3 Rd6+ 53. Ke2 Nd3 54. Ng5 Nc1+ 55. Ke1 Nd3+ 56. Ke2 Nc5 57. Nh7+ Kg7 58. Ng5 Ne6 59. Nh3 Kf6 60. Ba4 Ra6 61. Bb5 Ra2+ 62. Kf1 Rc2 63. Bxc4 Rxc3 64. Be2 Nd4 65. Bd1 Nxf3 66. Bxf3 Rxf3+ 67. Kg2 Rg3+ 68. Kh2 Rg4 0-1


[Site "https://www.chess.com"]